Match 38601593
Unlisted

Match 38601593
End
Vickers Machine Gun Team
Selects Australian Defense Battlegroup
Selects Australian Light Infantry Section
Australian Light Infantry Section
Australian Light Infantry Section
Royal Engineer Section
Construct Field Infirmary
Construct Section Command Post
Infantry Section
Construct Platoon Command Post
Selects CMP 15cwt Supply Run
CMP 15cwt Supply Run
Humber Armored Car
Infantry Training
CMP 15cwt Supply Run
Selects Reinforced Resource Caches
Selects Defensive Tactics
6-pounder Anti-tank Gun Team
Construct Company Command Post
Grenade Package
Matilda II Heavy Tank
Foot Guards Section
Armored Vehicle Training
Unlock M3 Grant Medium Tanks
Foot Guards Section
Selects Vehicle Over Repair
M3 Grant Medium Tank
M3 Grant Medium Tank
Selects Charged Creeping Barrage
Charged Creeping Barrage
Aaron
只愛❤毛妹
0
0

Comments sign in to comment!

No comments posted yet!